 Dungeon Crawl Stone Soup version 0.29-a0-506-ga2e7fffb44 (webtiles) character file.

Game seed: 9467978905730903574

143 Zdeegee the Skirmisher (level 5, -2/42 HPs)
             Began as a Formicid Berserker on May 29, 2022.
             Was a Believer of Trog.
             Killed by divine providence
             ... invoked by an orc priest
              (16 damage)
             ... on level 4 of the Dungeon.
             The game lasted 00:04:46 (3529 turns).

Zdeegee the Skirmisher (Formicid Berserker)         Turns: 3529, Time: 00:04:46

Health: -2/42      AC:  2    Str: 23    XL:     5   Next: 50%
Magic:  6/6        EV: 12    Int: 19    God:    Trog [**....]
Gold:   133        SH:  0    Dex: 10    Spells: 4/4 levels left

rFire   . . .      SeeInvis +   v - +2 short sword of Vaenogg {vorpal, Int+6}
rCold   . . .      Faith    .   (no shield)
rNeg    . . .      Spirit   .   b - +0 animal skin
rPois   .          Reflect  .   (helmet unavailable)
rElec   .          Harm     .   (no cloak)
rCorr   .          Rampage  .   (no gloves)
Will    .....                   (no boots)
Stlth   +.........              (no amulet)
HPRegen 0.14/turn               i - +6 ring of intelligence
MPRegen 0.10/turn               (no ring)

@: no status effects
A: permanent stasis, dig shafts and tunnels, antennae 3, four strong arms
a: Dig, Shaft Self, Renounce Religion, Trog's Hand


You were on level 4 of the Dungeon.
You worshipped Trog.
Trog was pleased with you.
You visited 1 branch of the dungeon, and saw 4 of its levels.

You collected 133 gold pieces.

Inventory:

Hand Weapons
 a - a +0 hand axe
 g - a +1 short sword of draining
 q - a +0 war axe
 v - the +2 short sword of Vaenogg (weapon) {vorpal, Int+6}
   (You found it on level 4 of the Dungeon)

   It inflicts extra damage upon your enemies.
   Int:       It affects your intelligence (+6).
Armour
 b - a +0 animal skin (worn)
Jewellery
 i - a +6 ring of intelligence (left hand)
 w - an amulet of reflection
Scrolls
 c - 3 scrolls of magic mapping {unknown}
 e - a scroll of enchant armour {unknown}
 f - a scroll of teleportation {unknown}
 j - 2 scrolls of poison {unknown}
 r - a scroll of fear {unknown}
Potions
 d - 2 potions of invisibility
 h - a potion of lignification
 k - a potion of haste
 l - a potion of might {unknown}
 m - a potion of heal wounds
 n - a potion of cancellation {unknown}
 o - a potion of berserk rage {unknown}
 p - 2 potions of curing {unknown}
 s - 4 potions of brilliance {unknown}
 t - a potion of mutation {unknown}
 u - a potion of ambrosia


   Skills:
 * Level 3.9 Fighting
 + Level 1.9 Short Blades
 + Level 3.4 Axes
 * Level 2.7 Armour
 + Level 2.4 Dodging
 + Level 0.2 Stealth
 * Level 0.6 Shields
 - Level 0.9 Transmutations
 * Level 1.5 Invocations
 * Level 1.0 Evocations


You had 4 spell levels left.
You didn't know any spells.
Your spell library contained the following spells:

 Spells                   Type           Power      Damage    Failure   Level
 Magic Dart               Conj           0%         1d3       21%         1
 Call Imp                 Summ           0%         N/A       30%         2
 Mephitic Cloud           Conj/Pois/Air  0%         N/A       52%         3


Dungeon Overview and Level Annotations

Branches:
Dungeon (4/15)             Temple (0/1) D:4

Altars:


Innate Abilities, Weirdness & Mutations

You cannot be hasted, slowed, berserked, paralysed or teleported.
You can dig through walls and to a lower floor.
You have a pair of large antennae on your head. (SInv)
Your four strong arms can wield two-handed weapons with a shield.


Message History

An orc priest comes into view. It is wielding a +0 club.
The orc priest shouts!
You hit the orc but do no damage. The orc hits you with a +0 flail!
You barely miss the orc. The orc hits you with a +0 flail.
You hit the orc but do no damage. The orc barely misses you.
You barely miss the orc. The orc closely misses you.
You hit the orc.
The orc is heavily wounded.
The orc barely misses you.
You closely miss the orc.
The orc is heavily wounded.
The orc completely misses you.
You barely miss the orc.
The orc is heavily wounded.
The orc priest calls down the wrath of Beogh upon you.
Beogh smites you! The orc closely misses you.
You are too injured to fight recklessly!
You are too injured to fight recklessly!
You are too injured to fight recklessly!
You hit the orc.
You kill the orc!
Trog accepts your kill.
You hit the orc priest but do no damage.
The orc priest calls down the wrath of Beogh upon you.
Beogh smites you!
* * * LOW HITPOINT WARNING * * *
You closely miss the orc priest. The orc priest hits you with a +0 club.
* * * LOW HITPOINT WARNING * * *
You hit the orc priest but do no damage.
The orc priest hits you with a +0 club.
* * * LOW HITPOINT WARNING * * *
Okay, then.
You feel much better. The orc priest hits you with a +0 club.
You hit the orc priest but do no damage.
The orc priest hits you with a +0 club.
You hit the orc priest.
The orc priest is heavily wounded.
The orc priest mumbles some strange prayers to Beogh against you.
Beogh smites you!
You die...

.
######....
#.@o......
#.####....
#.# . ####
#)# .. ..[.
##.# ##.
...
####..###
.. . #.
#.......#
#.##.# #
#.#####.#
...#.#. #
#.##.#.....


You could see an orc priest.

Vanquished Creatures
  7 adders
  A worm (D:2)
  A dart slug (D:1)
  7 orcs
  10 ball pythons
  4 bats
  9 endoplasms
  4 giant cockroaches
  4 goblins
  4 hobgoblins
  A quokka (D:1)
  4 frilled lizards
  6 kobolds
  5 rats
67 creatures vanquished.

Vanquished Creatures (others)
  A plant (D:3)
1 creature vanquished.

Grand Total: 68 creatures vanquished

Notes
Turn   | Place    | Note
-------+----------+-------------------------------------------
     0 | D:1      | Zdeegee the Formicid Berserker began the quest for the Orb.
     0 | D:1      | Reached XP level 1. HP: 18/18 MP: 1/1
   115 | D:1      | Reached XP level 2. HP: 24/24 MP: 2/2
   753 | D:1      | Reached XP level 3. HP: 22/29 MP: 3/3
  1588 | D:2      | Reached skill level 1 in Short Blades
  1701 | D:2      | Reached XP level 4. HP: 36/37 MP: 4/4
  1836 | D:2      | Reached ** piety under Trog
  1983 | D:2      | Reached skill level 1 in Invocations
  2321 | D:2      | Found a faded altar of an unknown god.
  2668 | D:3      | Reached XP level 5. HP: 29/42 MP: 4/6
  2675 | D:3      | Reached skill level 1 in Evocations
  2822 | D:3      | HP: 2/42 [ball python (1)]
  3395 | D:4      | Found a staircase to the Ecumenical Temple.
  3437 | D:4      | Identified the +2 short sword of Vaenogg {vorpal, Int+6}
  3526 | D:4      | HP: 1/42 [orc priest/+0 club (2)]
  3529 | D:4      | Killed from afar by an orc priest

Illustrated notes

Levels and vault maps discovered:
D:1:      dpeg_arrival_lava_temple_mockup, layout_basic
D:2:      layout_loops_ring, shapermc_ecumenical_altar_hornbeckon,
          nicolae_figureground_pulse
D:3:      layout_basic, minmay_shallow_snake_nest
D:4:      layout_loops_ring, minmay_temple_entry_junction

Skill      XL: |  1  2  3  4  5 |
---------------+----------------+-----
Dodging        | 2 |  2.4
Short Blades   | 1 |  1.9
Invocations    | 1 |  1.5
Evocations     | 1 |  1.0
Fighting       | |  3.9
Axes           | |  3.4
Armour         | |  2.7
Stealth        | |  0.2
Shields        | |  0.6
Transmutations | |  0.9

Action                   |  1- 3 |  4- 6 || total
-------------------------+-------+-------++-------
Melee: Hand axe          |    33 |       ||    33
       Short sword       |    60 |    86 ||   146
       Punch             |     1 |     1 ||     2
       War axe           |       |    42 ||    42
Invok: Trog's Hand       |       |     2 ||     2
  Use: Scroll            |     5 |     1 ||     6
       Potion            |       |     2 ||     2
Armor: Animal skin       |    18 |    25 ||    43
Dodge: Dodged            |    52 |   101 ||   153

Table legend: (Time is in decaauts)
 A = Elapsed time spent in this place.
 B = Non-inter-level travel time spent in this place.
 C = Inter-level travel time spent in this place.
 D = Time resting spent in this place.
 E = Time spent auto-exploring this place.
 F = Levels seen in this place.
 G = Mean time per level.
                   A        B        C        D        E       F      G
               +--------+--------+--------+--------+--------+-----+--------+
         Total |   3560 |   3443 |    117 |      0 |   2874 |   4 |  890.0 |
       Dungeon |   3560 |   3443 |    117 |      0 |   2874 |   4 |  890.0 |
               +--------+--------+--------+--------+--------+-----+--------+

Top non-repeatable levels by time:
     D:1: 1410 daAuts
     D:2: 1098 daAuts
     D:3: 862 daAuts
     D:4: 189 daAuts
